 Dungeon Crawl Stone Soup version 0.17-a0-491-gbd49765 (webtiles) character file.

52143 vidarsk the Unseen (level 14, -4/95 HPs)
             Began as a Vampire Enchanter on Apr 9, 2015.
             Was an Initiate of Gozag.
             Slain by a sun demon (19 damage)
             ... summoned by an orc high priest
             ... on level 4 of the Orcish Mines on Apr 10, 2015.
             The game lasted 04:26:11 (27573 turns).

vidarsk the Unseen (Vampire Enchanter)             Turns: 27573, Time: 04:26:12

Health: -4/95      AC:  0    Str:  2    XL:     14   Next: 26%
Magic:  26/28      EV: 25    Int: 17    God:    Gozag
Gold:   7335       SH:  0    Dex: 23    Spells: 8 memorised, 14 levels left

rFire  . . .     SeeInvis +       - Unarmed
rCold  + . .     Clarity  .     (armour currently unavailable)
rNeg   + + .     SustAb   .     (shield currently unavailable)
rPois  +         Gourm    .     (helmet currently unavailable)
rElec  .         Spirit   .     (cloak currently unavailable)
rCorr  .         Warding  .     (gloves currently unavailable)
rMut   .         Stasis   .     (boots currently unavailable)
MR     +....                    (no amulet)
Stlth  +++++++++.               (ring currently unavailable)
                                (ring currently unavailable)

@: bat-form, flying, regenerating slowly, very quick, somewhat resistant to
hostile enchantments, incredibly stealthy
A: (fangs 0), see invisible, (unbreathing)
a: End Transformation, Potion Petition, Call Merchant, Bribe Branch, Renounce
Religion


You were on level 4 of the Orcish Mines.
You worshipped Gozag.
Gozag was noncommittal.
You were very thirsty.
You were in vampire-bat-form.
You visited 3 branches of the dungeon, and saw 24 of its levels.
You also visited: Volcano.

You collected 8217 gold pieces.
You spent 350 gold pieces at shops.
You paid 532 gold pieces to Gozag.

Inventory:

Hand weapons
 a - the +6 hunting sling of Yveu {speed, rPois rC- MP+9 Int+6}
   (You found it on level 6 of the Dungeon)

   Attacks with this weapon are significantly faster.
   It affects your intelligence (+6).
   It makes you vulnerable to cold.
   It protects you from poison.
   It affects your magic capacity (+9).
 b - a +2 vampiric rapier (melded)
 h - a +0 short sword of venom
 j - a +0 morningstar of protection
 n - a +2 dagger of electrocution
 p - a +2 dagger of draining
 V - the +10 trident "Ogrebane" {venom, rC+ MR+ Str+4 SInv}
   (You found it on level 11 of the Dungeon)

   It poisons the flesh of those it strikes.
   It affects your strength (+4).
   It protects you from cold.
   It affects your resistance to hostile enchantments.
   It enhances your eyesight.
Missiles
 c - 25 tomahawks
 i - 600 stones (quivered)
Armour
 d - a +1 leather armour of poison resistance
 f - a +0 robe of magic resistance
 g - a +1 robe (melded)
 o - a +2 robe of magic resistance
 u - the +0 buckler of the Eleven Nights (melded) {rElec Int-2 Stlth+}
   (You found it on level 4 of the Dungeon)

   It affects your intelligence (-2).
   It insulates you from electricity.
   It makes you more stealthy.
 y - a +0 pair of gloves (melded)
 L - a +0 pair of boots (melded)
 T - a +2 cloak (melded)
Jewellery
 D - a ring of magical power (melded)
 J - an uncursed ring of protection from fire
 U - a ring of stealth (melded)
Magical devices
 k - a wand of draining (8)
 r - a wand of digging (16)
Scrolls
 l - 13 scrolls of remove curse
 m - 19 scrolls of identify
 t - 2 scrolls of teleportation
Potions
 e - 2 potions of heal wounds
 w - 7 potions of curing
 E - 4 potions of haste


   Skills:
 - Level 4.0 Fighting
 + Level 13.9 Short Blades
 - Level 4.2 Slings
 - Level 5.0 Dodging
 - Level 18.0 Stealth
 - Level 5.0 Shields
 - Level 4.0 Unarmed Combat
 - Level 10.0 Spellcasting
 - Level 14.2 Hexes


You had 14 spell levels left.
You knew the following spells:

 Your Spells              Type           Power        Failure   Level  Hunger
a - Corona                Hex            ######.      1%          1    None
b - Ensorcelled Hibernat  Hex/Ice        ####..       4%          2    None
c - Cause Fear            Hex            ######....   2%          4    ###....
B - Blink                 Tloc           N/A          32%         2    None
C - Confuse               Hex            ######..     1%          3    None
D - Repel Missiles        Chrm/Air       #.....       32%         2    None
S - Slow                  Hex            ######..     1%          2    None
T - Tukima's Dance        Hex            ######..     1%          3    None


Dungeon Overview and Level Annotations

Branches:
Dungeon (12/15)            Temple (0/1) D:7            Lair (8/8) D:11
  Swamp (0/5) Lair:3        Snake (0/5) Lair:4        Slime (0/6) Lair:6
    Orc (4/4) D:12            Elf (0/3) Orc:3

Altars:
Gozag
Makhleb
Okawaru
Qazlal
Ru
Trog
Vehumet
Yredelemnul

Shops:
D:11 !=[}*   D:13 *

Portals:
Trove: D:11 (show abyssal rune of Zot)

Annotations:
D:6 exclusion: fire elemental
D:12 exclusions: frost giant and yaktaur captain


Innate Abilities, Weirdness & Mutations

You heal slowly.
((You have razor-sharp teeth.))
You have supernaturally acute eyesight.
((You can survive without breathing.))


Message History

Use which ability? (? or * to list)
You turn into a vampire bat.
Your +2 vampiric rapier melds into your body.
Your +2 cloak melds into your body.
Your +0 pair of gloves melds into your body.
Your +0 pair of boots melds into your body.
The +0 buckler of the Eleven Nights {rElec Int-2 Stlth+} melds into your body.
Your +1 robe melds into your body.
Your ring of magical power melds into your body.
Your ring of stealth melds into your body.
You feel your glee subside.
You feel your magic capacity decrease.
The orc warrior shouts!
The blue devil completely misses you. The sun demon hits you.
You are engulfed in flames!
* * * LOW HITPOINT WARNING * * *
The sun demon hits you!
* * * LOW HITPOINT WARNING * * *
You are engulfed in flames!!
You die...
Your body crumbles into a pile of gold.

......................#).####....
..........................####...
.#.....................#.........
.............)......#...#.###..#.
.............).)....##.#### #....
............)))....##### ##.#.
)............))...## #. ###.
............)).....##... #..
...............3b.∩#....# ##.
..............o34......# ##
..#...................##
..................o....## ### #
#.......................# ##.###
##.....................## #...#.
#...######...######...## ##..##
#..## ...... ##..# ##..... #.##
..... ##.# #......


You could see an orc high priest, 2 sun demons, a blue devil and an orc warrior.

Vanquished Creatures
  Azrael (D:12)
  Josephine (D:12)
  Harold (Orc:3)
  5 hydras
  2 hill giants (D:12)
  Pikel (D:4)
  3 orc sorcerers (Orc:4)
  An orc knight (Orc:1)
  3 griffons
  2 ugly things
  An oklob plant (D:10)
  A cyclops (D:11)
  A centaur zombie (D:12)
  2 black mambas
  A gargoyle (Volcano)
  6 elephants
  7 spiny frogs
  2 fire drakes
  An efreet (D:12)
  5 komodo dragons
  A two-headed ogre (D:12)
  5 polar bears
  A freezing wraith (D:12)
  7 blink frogs
  5 trolls
  3 slime creatures
  A trapdoor spider (D:12)
  2 boulder beetles
  Sigmund (D:6)
  3 fire elementals
  59 yaks
  Eustachio (D:6)
  A deep elf mage (D:12)
  5 wraiths (D:12)
  2 hogs (D:8)
  2 wyverns
  A mottled dragon (D:12)
  3 hungry ghosts
  A steam dragon (D:8)
  5 hippogriffs
  A vampire mosquito (D:12)
  2 basilisks
  A hippogriff (shapeshifter) (D:12)
  Edmund (D:6)
  2 nagas (Lair:4)
  3 wolves (Lair:7)
  4 hell hounds (D:12)
  10 porcupines
  16 water moccasins
  2 slaves (D:4)
  4 ice beasts
  2 phantoms
  12 orc warriors
  6 ogres
  4 sky beasts
  A black bear (D:12)
  16 centaurs
  5 necrophages (Lair:5)
  3 big kobolds
  13 crocodiles
  A brain worm (Lair:4)
  13 giant frogs
  2 scorpions
  4 wights (D:10)
  8 crimson imps
  2 giant frog zombies (D:12)
  16 hounds
  A giant frog skeleton (D:6)
  Crazy Yiuf (D:6)
  23 orc priests
  5 hell rats (Lair:7)
  11 iguanas
  12 jellies
  2 centaur skeletons
  43 orc wizards
  11 worker ants
  27 sheep
  A hound zombie (D:5)
  2 mummies
  A worker ant zombie (D:11)
  4 gnolls
  21 adders
  50 river rats
  3 shadow imps
  5 giant geckos
  21 oozes
  170 orcs
  A bat skeleton (D:4)
  A bat zombie (D:3)
  7 giant cockroaches
  22 goblins
  31 hobgoblins
  4 jackals
  28 kobolds
  5 ball pythons
  10 bats
  A giant gecko zombie (D:5)
  6 giant newts
  2 giant spores (D:12)
  16 quokkas
  13 rats
  A spectral orc (D:6)
  3 ballistomycetes (D:12)
  A fungus (D:10)
  2 plants (D:11)
878 creatures vanquished.

Vanquished Creatures (collateral kills)
  Maud (D:11)
  A human (D:8)
  An orc warrior (D:10)
  An ogre (D:10)
  4 wights (D:10)
  An orc (D:8)
9 creatures vanquished.

Vanquished Creatures (others)
  A fire vortex (Volcano)
  A basilisk (D:12)
  A hound (Lair:6)
  An adder (D:4)
  A kobold (D:4)
  4 fungi
  3 plants
12 creatures vanquished.

Grand Total: 899 creatures vanquished

Notes
Turn   | Place    | Note
--------------------------------------------------------------
     0 | D:1      | vidarsk, the Vampire Enchanter, began the quest for the Orb.
     0 | D:1      | Reached XP level 1. HP: 13/13 MP: 3/3
   136 | D:1      | Reached XP level 2. HP: 14/19 MP: 1/5
   264 | D:1      | Reached skill level 5 in Stealth
   282 | D:1      | Reached skill level 5 in Hexes
  1085 | D:1      | Reached XP level 3. HP: 24/24 MP: 6/6
  1213 | D:2      | Reached skill level 1 in Fighting
  1506 | D:2      | Reached skill level 1 in Unarmed Combat
  1582 | D:2      | Reached XP level 4. HP: 23/32 MP: 4/7
  2104 | D:2      | Learned a level 3 spell: Confuse
  2108 | D:2      | Learned a level 3 spell: Tukima's Dance
  2879 | D:3      | Found an iron altar of Okawaru.
  3158 | D:4      | Noticed Pikel
  3158 | D:4      | Noticed a slave
  3158 | D:4      | Noticed a slave
  3158 | D:4      | Noticed a slave
  3207 | D:4      | Reached XP level 5. HP: 38/38 MP: 8/8
  3257 | D:4      | Got a transparent buckler
  3263 | D:4      | Identified the cursed +0 buckler of the Eleven Nights {rElec Int-2 Stlth+} (You found it on level 4 of the Dungeon)
  3416 | D:4      | Noticed a phantom
  3474 | D:4      | Killed a phantom
  3474 | D:4      | Reached skill level 5 in Short Blades
  3474 | D:4      | Reached XP level 6. HP: 30/44 MP: 1/9
  3594 | D:4      | Found an opulent altar of Gozag.
  3602 | D:4      | Became a worshipper of Gozag Ym Sagoz the Greedy
  3612 | D:4      | Noticed a slave
  3661 | D:4      | Killed a slave
  3685 | D:4      | Killed a slave
  3737 | D:4      | Killed Pikel
  3737 | D:4      | Reached skill level 8 in Short Blades
  3737 | D:4      | Reached XP level 7. HP: 10/50 MP: 6/10
  4312 | D:5      | Entered Level 5 of the Dungeon
  4457 | D:5      | Reached XP level 8. HP: 56/58 MP: 11/11
  5286 | D:6      | Noticed Sigmund
  5413 | D:6      | Killed Sigmund
  5413 | D:6      | Reached skill level 9 in Stealth
  5435 | D:6      | Noticed Eustachio
  5439 | D:6      | Noticed Edmund
  5486 | D:6      | Killed Eustachio
  5486 | D:6      | Reached skill level 10 in Stealth
  5631 | D:6      | Killed Edmund
  5756 | D:6      | Found a burning altar of Makhleb.
  5763 | D:6      | Found a stormy altar of Qazlal.
  5909 | D:6      | Got a pitted hunting sling
  5910 | D:6      | Identified the +6 hunting sling of Yveu {speed, rPois rC- MP+9 Int+6} (You found it on level 6 of the Dungeon)
  5996 | D:6      | Reached XP level 9. HP: 60/65 MP: 15/15
  6129 | D:6      | Noticed Crazy Yiuf
  6156 | D:6      | Killed Crazy Yiuf
  6214 | D:6      | Found a basalt altar of Yredelemnul.
  6478 | D:6      | Reached skill level 5 in Spellcasting
  6569 | D:6      | Reached skill level 1 in Slings
  6808 | D:7      | Found a sacrificial altar of Ru.
  7247 | D:7      | Found an iron altar of Okawaru.
  7249 | D:7      | Found a bloodstained altar of Trog.
  7282 | D:7      | Found a staircase to the Ecumenical Temple.
  7942 | D:8      | Reached XP level 10. HP: 63/71 MP: 17/17
  8501 | D:8      | Got a polished arbalest
  8825 | D:9      | Reached skill level 10 in Hexes
  9267 | D:9      | Identified the +6 arbalest "Hellblazer" {penet, rElec} (You found it on level 8 of the Dungeon)
  9710 | D:10     | Entered Level 10 of the Dungeon
 10068 | D:10     | Reached skill level 11 in Stealth
 10875 | D:10     | Reached skill level 12 in Stealth
 10947 | D:10     | Noticed an oklob plant
 10982 | D:10     | Reached skill level 13 in Stealth
 11220 | D:11     | Reached skill level 1 in Shields
 11260 | D:11     | Found Juroahosso's Assorted Antiques.
 11318 | D:11     | Found a staircase to the Lair.
 11491 | D:11     | Found a portal to a secret trove of treasure.
 11521 | D:11     | Got a crude trident
 11635 | D:11     | Found Ynewan's Gadget Emporium.
 11767 | D:11     | Found Heriosy's Armour Boutique.
 11790 | D:11     | Found Zexik's Distillery.
 11797 | D:11     | Bought a potion of cure mutation for 350 gold pieces
 12149 | D:11     | Found Vilur's Jewellery Shop.
 12156 | D:11     | Noticed a cyclops
 12159 | D:11     | Killed a cyclops
 12364 | D:12     | Noticed Maud
 12372 | D:12     | Noticed a purple ugly thing
 12412 | D:11     | Killed Maud
 12412 | D:11     | Reached XP level 11. HP: 15/77 MP: 20/20
 12476 | D:11     | Reached skill level 5 in Shields
 12617 | D:11     | HP: 3/77 [slime creature (8)]
 13429 | D:10     | Killed an oklob plant
 13716 | D:12     | Noticed Josephine
 13757 | D:12     | Reached skill level 5 in Dodging
 13777 | D:12     | Killed a purple ugly thing
 13884 | D:12     | Reached skill level 14 in Stealth
 14092 | Lair:1   | Entered Level 1 of the Lair of Beasts
 14096 | Lair:1   | Identified the +10 trident "Ogrebane" {venom, rC+ MR+ Str+4 SInv} (You found it on level 11 of the Dungeon)
 14323 | D:12     | Killed Josephine
 14772 | D:12     | Noticed Azrael
 14989 | D:12     | Killed Azrael
 15245 | D:12     | Found a staircase to the Orcish Mines.
 15310 | D:12     | Noticed a hill giant
 15361 | D:12     | Reached XP level 12. HP: 83/83 MP: 4/21
 15381 | D:12     | Killed a hill giant
 15821 | D:12     | Noticed a hill giant
 15855 | D:12     | Killed a hill giant
 16356 | D:12     | Noticed a frost giant
 16394 | D:12     | Noticed a yaktaur captain
 16562 | Lair:1   | Learned a level 2 spell: Ensorcelled Hibernation
 18034 | Lair:3   | Reached skill level 10 in Spellcasting
 18060 | Lair:3   | Found a staircase to the Swamp.
 18075 | Lair:3   | Noticed a six-headed hydra
 18081 | Lair:3   | Killed a six-headed hydra
 18113 | Lair:3   | Learned a level 4 spell: Cause Fear
 18287 | Lair:3   | Reached skill level 15 in Stealth
 18824 | Lair:4   | Found a staircase to the Snake Pit.
 19075 | Lair:4   | Reached skill level 16 in Stealth
 19090 | Lair:4   | Reached XP level 13. HP: 88/88 MP: 23/27
 19781 | Lair:4   | Got a slimy chain mail
 20181 | Lair:5   | Found a dark tunnel.
 20189 | Volcano  | Entered a volcano
 20204 | Volcano  | Identified the +7 chain mail of Emmaihon {+Inv rElec Str-5 Int+4} (You found it on level 4 of the Lair of Beasts)
 20222 | Volcano  | Reached skill level 17 in Stealth
 20700 | Lair:5   | Reached skill level 18 in Stealth
 21251 | Lair:6   | Got a polished buckler
 21262 | Lair:6   | Identified the +0 buckler of Trumpets {Str+4} (You found it on level 6 of the Lair of Beasts)
 21675 | Lair:6   | Reached skill level 10 in Short Blades
 21708 | Lair:6   | Found a staircase to the Slime Pits.
 22372 | Lair:7   | Learned a level 2 spell: Slow
 22375 | Lair:7   | Learned a level 2 spell: Blink
 22378 | Lair:7   | Learned a level 2 spell: Repel Missiles
 23497 | Lair:8   | Entered Level 8 of the Lair of Beasts
 23660 | Lair:8   | Reached XP level 14. HP: 95/95 MP: 11/28
 24199 | Orc:1    | Entered Level 1 of the Orcish Mines
 24441 | Orc:1    | Found a radiant altar of Vehumet.
 25033 | Orc:2    | Found Mofi's Merry Market.
 25643 | Orc:3    | Noticed Harold
 25677 | Orc:3    | Killed Harold
 25848 | Orc:3    | Found a staircase to the Elven Halls.
 26222 | Orc:4    | Entered Level 4 of the Orcish Mines
 27573 | Orc:4    | Slain by a sun demon

Action                   |  1- 3 |  4- 6 |  7- 9 | 10-12 | 13-15 || total
-------------------------+-------+-------+-------+-------+-------++-------
Melee: Dagger            |   107 |   132 |   245 |     1 |       ||   485
       Unarmed           |       |       |     3 |    34 |       ||    37
       Rapier            |       |       |       |   978 |  1009 ||  1987
 Fire: Hunting sling     |     3 |    25 |   238 |   564 |   177 ||  1007
       Blowgun           |       |       |     3 |       |       ||     3
 Cast: Corona            |    42 |    53 |    28 |    42 |    55 ||   220
       Tukima's Dance    |       |       |     2 |    11 |       ||    13
       Confuse           |       |       |     1 |   145 |    26 ||   172
       Ensorcelled Hiber |       |       |       |    90 |   196 ||   286
       Slow              |       |       |       |       |    27 ||    27
       Repel Missiles    |       |       |       |       |     2 ||     2
       Cause Fear        |       |       |       |       |     8 ||     8
       Blink             |       |       |       |       |     2 ||     2
Invok: Call Merchant     |       |       |       |       |     1 ||     1
 Abil: Bat Form          |       |       |     1 |     4 |     8 ||    13
       End Transformatio |       |       |     1 |     4 |     7 ||    12
Evoke: Wand              |       |       |       |       |     7 ||     7
  Use: Potion            |     1 |    14 |    11 |     1 |     1 ||    28
       Scroll            |       |     5 |       |    11 |    10 ||    26
 Stab: Sleeping          |     9 |    10 |    15 |    86 |   153 ||   273
       Distracted        |       |       |     3 |    14 |    25 ||    42
       Confused          |       |       |       |    46 |    10 ||    56
       Fleeing           |       |       |       |       |     5 ||     5
